 Dungeon Crawl Stone Soup version 0.27.1-2-g3b301248ec (webtiles) character file.

Game seed: 12594380638881933096

21 Ruil the Skirmisher (level 2, -5/27 HPs)
             Began as a Minotaur Berserker on Sept 25, 2021.
             Was a Follower of Trog.
             Killed from afar by Sigmund (11 damage)
             ... with a magic dart
             ... on level 2 of the Dungeon.
             The game lasted 00:07:13 (936 turns).

Ruil the Skirmisher (Minotaur Berserker)             Turns: 936, Time: 00:07:13

Health: -5/27      AC:  5    Str: 21    XL:     2   Next: 62%
Magic:  1/1        EV: 11    Int:  4    God:    Trog [*.....]
Gold:   65         SH:  0    Dex:  9    Spells: 1/1 levels left

rFire    . . .     SeeInvis .   a - +0 hand axe
rCold    . . .     Faith    .   (no shield)
rNeg     . . .     Spirit   .   g - +0 ring mail
rPois    .         Reflect  .   (helmet restricted)
rElec    .         Harm     .   (no cloak)
rCorr    .         Rampage  .   (no gloves)
Will     .....                  (no boots)
Stlth    ..........             (no amulet)
HPRegen  0.09/turn              (no ring)
MPRegen  0.07/turn              (no ring)

@: no status effects
A: horns 2, retaliatory headbutt
a: Renounce Religion, Berserk


You were on level 2 of the Dungeon.
You worshipped Trog.
Trog was aware of your devotion.
You visited 1 branch of the dungeon, and saw 2 of its levels.

You collected 65 gold pieces.

Inventory:

Hand Weapons
 a - a +0 hand axe (weapon)
Armour
 b - a +0 animal skin
 d - a +0 pair of gloves
 g - a +0 ring mail (worn)
Scrolls
 c - a scroll of acquirement {unknown}
 e - 3 scrolls of identify {unknown}
 f - a scroll of fear {unknown}


   Skills:
 + Level 4.3 Fighting
 + Level 3.9 Axes
 + Level 2.8 Armour
 + Level 2.2 Dodging


You had one spell level left.
You didn't know any spells.
Your spell library was empty.

Dungeon Overview and Level Annotations

Branches:
Dungeon (2/15)

Altars:

Annotations:
D:2 Robin, Sigmund


Innate Abilities, Weirdness & Mutations

You have a pair of horns on your head.
You reflexively headbutt those who attack you in melee.


Message History

You hit Sigmund but do no damage.
Sigmund screams, "Don't try to resist!"
Sigmund hits you with a +0 scythe!
You hit Sigmund. Your headbutt misses Sigmund.
Sigmund is lightly wounded.
A quokka comes into view.
You hit Sigmund but do no damage.
Sigmund is lightly wounded.
Sigmund completely misses you. You furiously retaliate!
You headbutt Sigmund.
A goblin comes into view. It is wielding a +0 club.
A goblin comes into view. It is wielding a +0 dagger.
The goblin shouts! x2
You hit Sigmund but do no damage. You headbutt Sigmund!
Sigmund is moderately wounded.
A hobgoblin comes into view.
Sigmund closely misses you.
The hobgoblin shouts!
You hit Sigmund. You headbutt Sigmund!
Sigmund is severely wounded.
You hear a shout! x2
Sigmund mumbles some strange words.
Sigmund flickers and vanishes!
Deactivating autopickup; reactivate with Ctrl-A.
Robin of the Strong Arm comes into view.
They are wielding a +0 club.
Nothing quivered!
Okay, then.
Something hits you.
You hit something but do no damage. Something hits you!
* * * LOW HITPOINT WARNING * * *
A goblin comes into view. It is wielding a +0 dagger.
You hit something. You headbutt something.
You hear some strange, mumbled words.
Something tries to affect you, but you resist.
The goblin hits you but does no damage.
You closely miss something.
Your ring mail prevents you from hitting the goblin.
You hear some strange, mumbled words.
A magic dart appears from out of thin air!
The magic dart hits you!
You die...

....## ##.#.# < ....#.# #
. ##..### .##g .....# ..#
##...# .g# #...# # #r#
#...# #.#{# ##...######
##.#@### .
..........###..g...##....
>..............#.........
..........###.##.#.##....
#.....##### #. #.#.# ...
#.###.# #.##.#.###### #.
#.# #.#......... #
#.###.#####
#....##PP###.###
#.........#
###.#.P....#....


You could see a quokka and 3 goblins.

Vanquished Creatures
  A dart slug (D:2)
  An endoplasm (D:1)
  A goblin (D:1)
  2 hobgoblins
  3 jackals (D:1)
  3 kobolds
  3 bats
  2 frilled lizards (D:1)
  2 rats (D:1)
18 creatures vanquished.

Notes
Turn   | Place    | Note
-------+----------+-------------------------------------------
     0 | D:1      | Ruil the Minotaur Berserker began the quest for the Orb.
     0 | D:1      | Reached XP level 1. HP: 19/19 MP: 0/0
   159 | D:1      | Reached XP level 2. HP: 26/27 MP: 1/1
   252 | D:1      | Reached skill level 4 in Fighting
   923 | D:2      | Noticed Sigmund
   931 | D:2      | Noticed Robin
   936 | D:2      | Killed from afar by Sigmund

Illustrated notes

Levels and vault maps discovered:
D:1:      amcnicky_arrival_underground_garden, layout_loops_corners,
          minmay_domino_2
D:2:      cheibrodos_old_hovel, layout_loops_cross, serial_shops,
          nicolae_shop_behind_doors, minmay_three_crescents, uniq_sigmund,
          uniq_robin

Skill      XL: |  1  2 |
---------------+-------+-----
Fighting       | 4 |  4.3
Axes           | |  3.9
Armour         | |  2.8
Dodging        | |  2.2

Action                   || total
-------------------------++-------
Melee: Hand axe          ||    39
       Headbutt          ||     5
 Stab: Sleeping          ||     1
Armor: Animal skin       ||     6
       Ring mail         ||     1
Dodge: Dodged            ||    25
